 Dungeon Crawl Stone Soup version 0.28-a0-845-gfc338a8e3c (webtiles) character file.

Game seed: 10819786486135169445

2 BinkBink the Sneak (level 1, 0/13 HPs)
             Began as a Vampire Enchanter on Nov 13, 2021.
             Slain by a kobold (9 damage)
             ... on level 1 of the Dungeon.
             The game lasted 00:00:26 (125 turns).

BinkBink the Sneak (Vampire Enchanter)               Turns: 125, Time: 00:00:26

Health: 0/13       AC:  2    Str:  7    XL:     1   Next: 33%
Magic:  3/3        EV: 12    Int: 17    God:
Gold:   9          SH:  0    Dex: 14    Spells: 4/4 levels left

rFire   . . .      SeeInvis +   a - +1 dagger
rCold   . . .      Faith    .   (no shield)
rNeg    . . .      Spirit   .   b - +0 robe
rPois   .          Reflect  .   (no helmet)
rElec   .          Harm     .   (no cloak)
rCorr   .          Rampage  .   (no gloves)
Will    .....                   (no boots)
Stlth   +++.......              (no amulet)
HPRegen 0.24/turn               (no ring)
MPRegen 0.08/turn               (no ring)

@: healing quickly
A: alive, fangs 3, see invisible, vampiric 1
a: Exsanguinate


You were on level 1 of the Dungeon.
You visited 1 branch of the dungeon, and saw 1 of its levels.

You collected 9 gold pieces.

Inventory:

Hand Weapons
 a - a +1 dagger (weapon)
Armour
 b - a +0 robe (worn)
Jewellery
 d - a +6 ring of intelligence
Potions
 c - a potion of invisibility


   Skills:
 + Level 1.2 Short Blades
 + Level 2.1 Dodging
 + Level 4.5 Stealth
 + Level 2.1 Spellcasting
 + Level 4.4 Hexes


You had 4 spell levels left.
You didn't know any spells.
Your spell library contained the following spells:

 Spells                   Type           Power      Damage    Failure   Level
 Confusing Touch          Hex            16%        N/A       10%         3
 Tukima's Dance           Hex            16%        N/A       10%         3
 Ensorcelled Hibernation  Hex/Ice        18%        N/A       12%         2
 Dazzling Flash           Conj/Hex       18%        N/A       24%         3
 Summon Forest            Summ/Tloc      0%         N/A       99%         5
 Eringya's Noxious Bog    Tmut/Pois      0%         N/A       100%        6
 Summon Hydra             Summ           0%         N/A       100%        7


Dungeon Overview and Level Annotations

Branches:
Dungeon (1/15)

Altars:


Innate Abilities, Weirdness & Mutations

Your natural rate of healing is accelerated.
You have razor-sharp teeth.
You have supernaturally acute eyesight. (SInv)
You are afflicted with vampirism.


Message History

There is an open door here.
d - a +6 ring of intelligence As you open the door, it creaks loudly!
There is an open door here.
A rat comes into view.
The rat barely misses you.
You hit the rat.
You kill the rat!
No target in view! 2 kobolds come into view.
A kobold is wielding a +1 whip of electrocution.
A rat comes into view.
The kobold shouts!
You hear a shout!
The kobold barely misses you.
You completely miss the kobold. The kobold barely misses you.
A bat comes into view.
The kobold shouts!
The rat barely misses you.
An endoplasm comes into view.
You open the door. The bat closely misses you.
The bat hits you but does no damage. The kobold barely misses you.
The bat closely misses you.
There is an open door here.
You hit the kobold but do no damage. The kobold misses you.
You hit the kobold but do no damage. You hit the kobold.
The kobold is moderately wounded.
The kobold hits you with a +0 dagger.
You hit the kobold.
The kobold is severely wounded.
You hit the kobold.
You kill the kobold!
The bat closely misses you.
You miss the bat. The bat hits you.
You miss the kobold. Your bite misses the kobold. The kobold barely misses you.
You hit the kobold but do no damage.
The kobold hits you with a +1 whip of electrocution.
You are electrocuted!
Ouch! That really hurt!
You die...

................
........#######.
................
......#.###+###+###.###.#.
......#.. +....(+.#.
.......#+# #####'#.#+###. #
.J#.#.+.# #.....'.#.+.#.
#.####K...#.# #.....#.#.#..)
..........#@#+#..>..#+#.#.#.
#......#K#.#..<..#.#.#...
#....J.rb#.#.....#.#.'.#.
#....#.###.#######.#'###.
#....#.......#.+.......#.
#....#.###.###.###'###...
#....#...........#.# ...
.................†..# ..
.....................# #.


You could see a bat, a kobold and a rat.

Vanquished Creatures
  2 kobolds (D:1)
  A rat (D:1)
3 creatures vanquished.

Notes
Turn   | Place    | Note
-------+----------+-------------------------------------------
     0 | D:1      | BinkBink the Vampire Enchanter began the quest for the Orb.
     0 | D:1      | Reached XP level 1. HP: 13/13 MP: 3/3
   125 | D:1      | Slain by a kobold

Illustrated notes

Levels and vault maps discovered:
D:1:      shiori_arrival_maze, layout_basic, shapermc_ecumenical_altar_pompeii,
          minmay_misc_feat_nine_boxes, lexackson_kobold_supper

Action                   || total
-------------------------++-------
Melee: Dagger            ||    20
Armor: Robe              ||     4
Dodge: Dodged            ||    14

Table legend: (Time is in decaauts)
 A = Elapsed time spent in this place.
 B = Non-inter-level travel time spent in this place.
 C = Inter-level travel time spent in this place.
 D = Time resting spent in this place.
 E = Time spent auto-exploring this place.
 F = Levels seen in this place.
 G = Mean time per level.
                   A        B        C        D        E       F      G
               +--------+--------+--------+--------+--------+-----+--------+
         Total |    123 |    123 |      0 |      0 |     85 |   1 |  123.0 |
       Dungeon |    123 |    123 |      0 |      0 |     85 |   1 |  123.0 |
               +--------+--------+--------+--------+--------+-----+--------+

Top non-repeatable levels by time:
     D:1: 123 daAuts
